 Dungeon Crawl Stone Soup version 0.30-a0-782-ge64f9170bb (webtiles) character file.

Game seed: 3778998801596634220

2703 Esekla the Slasher (level 9, -17/62 HPs)
             Began as an Octopode Delver on Feb 19, 2023.
             Was an Initiate of Gozag.
             Killed from afar by an acid dragon (31 damage)
             ... with a splash of acid
             ... on level 7 of the Dungeon.
             The game lasted 00:43:39 (6599 turns).

Esekla the Slasher (Octopode Delver)                Turns: 6599, Time: 00:43:40

Health: -17/62     AC:  1    Str: 11    XL:     9   Next: 65%
Magic:  2/14       EV: 16    Int: 23    God:    Gozag
Gold:   578        SH:  0    Dex: 19    Spells: 9/15 levels left

rFire   . . .      SeeInvis .    a - +0 long sword
rCold   . . .      Faith    .    (no shield)
rNeg    . . .      Spirit   .    (helmet restricted)
rPois   .          Reflect  .    u - amulet of regeneration
rElec   .          Harm     .    j - +6 ring of intelligence
rCorr   .          Rampage  .    w - +6 ring of dexterity
Will    .....                    (no ring)
Stlth   +++++                    (no ring)
HPRegen 1.10/turn                (no ring)
MPRegen 0.14/turn                (no ring)
                                 (no ring)
                                 (no ring)

@: very slightly contaminated
A: almost no armour, amphibious, 8 rings, camouflage 1, gelatinous body 1,
(nimble swimmer 1), tentacles
a: Renounce Religion, Potion Petition, Call Merchant, Bribe Branch


You were on level 7 of the Dungeon.
You worshipped Gozag.
Gozag was pleased with you.
You visited 1 branch of the dungeon, and saw 8 of its levels.
You also visited: Ossuary.

You collected 1360 gold pieces.
You spent 219 gold pieces at shops.
You paid 563 gold pieces to Gozag.

Inventory:

Hand Weapons
 a - a +0 long sword (weapon)
 r - a +0 trident
 s - a +1 dagger of venom
Missiles
 g - a throwing net
 q - 2 javelins
 x - 8 poisoned darts (quivered)
 F - a boomerang
Armour
 p - a +0 buckler
Jewellery
 j - a +6 ring of intelligence (left tentacle)
 u - an amulet of regeneration (around mantle)
 w - a +6 ring of dexterity (right tentacle)
 G - the ring of Keideddu {Fire Will- rCorr Str+4 Dex-2}
   (You bought it in a shop on level 5 of the Dungeon)

   [ring of fire]

   It enhances your fire magic.
   Str:       It affects your strength (+4).
   Dex:       It affects your dexterity (-2).
   rF:        It protects you from fire.
   rC:        It makes you vulnerable to cold.
   rCorr:     It protects you from acid and corrosion.
   Will:      It decreases your willpower.
Wands
 f - a wand of digging (3)
 C - a wand of acid (5)
Scrolls
 b - a scroll of fog
 d - 3 scrolls of vulnerability {unknown}
 e - 4 scrolls of torment {unknown}
 h - 5 scrolls of teleportation
 n - a scroll of brand weapon {unknown}
 o - 2 scrolls of blinking {unknown}
 v - 4 scrolls of enchant weapon
 y - 3 scrolls of noise {unknown}
 A - 4 scrolls of magic mapping
 D - a scroll of enchant armour {unknown}
 H - a scroll of amnesia {unknown}
 I - 3 scrolls of fear
 L - 2 scrolls of poison {unknown}
Potions
 c - a potion of cancellation {unknown}
 i - 4 potions of mutation
 k - 6 potions of curing
 l - 5 potions of heal wounds
 m - a potion of invisibility
 t - 4 potions of haste
 z - 2 potions of flight
 B - 4 potions of lignification
 E - a potion of berserk rage
 J - a potion of brilliance {unknown}
 K - a potion of magic {unknown}


   Skills:
 * Level 5.8 Fighting
 + Level 2.1(5.1) Short Blades
 * Level 7.4(7.5) Long Blades
 + Level 2.6 Throwing
 * Level 5.8 Dodging
 - Level 7.2 Stealth
 * Level 1.0 Shields
 * Level 3.7 Spellcasting
 * Level 0.2 Conjurations
 + Level 4.0 Necromancy
 * Level 0.1 Air Magic
 * Level 0.1 Poison Magic


You had 9 spell levels left.
You knew the following spells:

 Your Spells              Type           Power      Damage    Failure   Level
c - Mephitic Cloud        Conj/Pois/Air  5%         N/A       30%         3
d - Vampiric Draining     Necr           22%        2d7       6%          3

Your spell library contained the following spells:

 Spells                   Type           Power      Damage    Failure   Level
 Necrotise                Necr           88%        1d8       1%          1
 Magic Dart               Conj           20%        1d4       10%         1
 Call Imp                 Summ           4%         N/A       16%         2
 Agony                    Necr           22%        N/A       50%         5
 Fireball                 Conj/Fire      2%         3d4       95%         5
 Iskenderun's Battlesphe  Conj           5%         2d6       95%         5
 Conjure Ball Lightning   Conj/Air       2%         3x3d6     100%        6
 Orb of Destruction       Conj           2%         9d5       100%        7


Dungeon Overview and Level Annotations

Branches:
Dungeon (8/15)             Temple (0/1) D:4         Ossuary (visited)
   Lair: D:8-11

Altars:
Ashenzari
Cheibriados
Elyvilon
Fedhas
Gozag
Hepliaklqana
Makhleb
Okawaru
Sif Muna
Uskayaw

Shops:
D:1 [   D:5 *

Annotations:
D:8 2 transporters, cforsyth's ghost, novice TeFE


Innate Abilities, Weirdness & Mutations

You cannot wear most types of armour.
You are amphibious.
You can wear up to eight rings at the same time.
Your skin changes colour to match your surroundings (Stealth+).
Your rubbery body absorbs attacks. (AC +1, EV +1)
((You are camouflaged when in or above water. (Stealth+)))
You have tentacles for arms and can constrict up to eight enemies at once.


Message History

The acid dragon claws you.
Casting: Vampiric Draining (dangerous; 6% risk of failure)
Confirm with . or Enter, or press ? or * to list all spells.
Aiming: Vampiric Draining (dangerous; 6% risk of failure)
Press: ? - help, Shift-Dir - straight line, f/p - acid dragon
Aim: an acid dragon (moderately wounded)
You miscast Vampiric Draining.
You are very lightly contaminated with residual magic.
Nothing appears to happen.
The acid dragon barely misses you. The acid dragon claws you.
Casting: Vampiric Draining (dangerous; 6% risk of failure)
Confirm with . or Enter, or press ? or * to list all spells.
Aiming: Vampiric Draining (dangerous; 6% risk of failure)
Press: ? - help, Shift-Dir - straight line, f/p - acid dragon
Aim: an acid dragon (moderately wounded)
You draw life force from the acid dragon.
You feel life coursing into your body. The acid dragon bites you!
* * * LOW HITPOINT WARNING * * *
The acid dragon claws you.
* * * LOW HITPOINT WARNING * * *
Casting: Vampiric Draining (dangerous; 6% risk of failure)
Confirm with . or Enter, or press ? or * to list all spells.
Aiming: Vampiric Draining (dangerous; 6% risk of failure)
Press: ? - help, Shift-Dir - straight line, f/p - acid dragon
Aim: an acid dragon (heavily wounded)
You draw life force from the acid dragon!
You feel life coursing into your body. The acid dragon completely misses you.
The acid dragon claws you.
* * * LOW HITPOINT WARNING * * *
Casting: Vampiric Draining (dangerous; 6% risk of failure)
Confirm with . or Enter, or press ? or * to list all spells.
You don't have enough magic to cast this spell.
Unknown command.
You barely miss the acid dragon.
The acid dragon is almost dead.
The acid dragon spits acid at you. The splash of acid hits you!!
Ouch! That really hurt!
You die...
Your body crumbles into a pile of gold.

#<.#.##.# #.....#
#..#.##># #.....#
#.......# #######
####.#### #####
#.# #...# #.#
###...###
#.########.......#
#.D.............)#
#@##.##.##........
#....##.####...###
#.#####.# #...#
#.......# #####
#########


You could see an acid dragon (catching breath).

Vanquished Creatures
  A hornet (D:7)
  An orc warrior (D:7)
  An ice beast (D:7)
  A black bear (D:5)
  A kobold brigand (D:8)
  A bullfrog (D:7)
  5 scorpions
  2 necrophages
  2 wyvern zombies (Ossuary)
  2 water moccasin zombies (Ossuary)
  3 killer bees (D:7)
  A howler monkey (D:4)
  3 centaur zombies (Ossuary)
  5 bullfrog zombies (Ossuary)
  2 orc priests
  2 gnoll boudas (D:5)
  3 hounds
  Jessica (D:3)
  3 iguanas
  3 orc wizards
  2 killer bee zombies (Ossuary)
  3 howler monkey zombies (Ossuary)
  14 mummies
  7 adders
  13 gnolls
  An ufetubus (D:5)
  3 worms
  2 dart slugs
  24 orcs
  7 ball pythons
  4 bats
  4 endoplasms
  7 goblins
  9 hobgoblins
  4 quokkas
  2 frilled lizards
  13 kobolds
  5 rats
167 creatures vanquished.

Vanquished Creatures (others)
  7 withered plants (Ossuary)
7 creatures vanquished.

Grand Total: 174 creatures vanquished

Notes
Turn   | Place    | Note
-------+----------+-------------------------------------------
     0 | D:5      | Esekla the Octopode Delver began the quest for the Orb.
     0 | D:5      | Reached XP level 1. HP: 16/16 MP: 1/1
    17 | D:5      | Noticed a black bear
    66 | D:5      | Found a shimmering blue altar of Sif Muna.
    68 | D:5      | Found an opulent altar of Gozag.
    71 | D:5      | Found a white marble altar of Elyvilon.
    78 | D:5      | Found a hide-covered altar of Uskayaw.
    79 | D:5      | Became a worshipper of Gozag Ym Sagoz the Greedy
    82 | D:5      | Found a blossoming altar of Fedhas.
    83 | D:5      | Found an iron altar of Okawaru.
    84 | D:5      | Found a snail-covered altar of Cheibriados.
    88 | D:5      | Found a burning altar of Makhleb.
    89 | D:5      | Found a hazy altar of Hepliaklqana.
    94 | D:5      | Noticed a hound
    95 | D:5      | Noticed a scorpion
   165 | D:5      | Noticed a hound
   222 | D:5      | Killed a hound
   223 | D:5      | Reached XP level 2. HP: 17/21 MP: 2/2
   223 | D:5      | Reached XP level 3. HP: 21/26 MP: 3/3
   351 | D:4      | Noticed a scorpion
   360 | D:4      | Found a staircase to the Ecumenical Temple.
   596 | D:3      | Learned a level 3 spell: Vampiric Draining
   809 | D:2      | Reached skill level 1 in Spellcasting
   835 | D:1      | Found Enesiag's Antique Armour Shoppe.
  1034 | D:1      | Found a faded altar of an unknown god.
  1139 | D:1      | Reached XP level 4. HP: 31/31 MP: 5/5
  1534 | D:2      | Reached skill level 1 in Necromancy
  1900 | D:2      | Reached XP level 5. HP: 36/36 MP: 6/6
  2019 | D:3      | Noticed Jessica
  2030 | D:3      | Killed Jessica
  2632 | D:4      | Reached XP level 6. HP: 14/42 MP: 1/8
  2918 | D:4      | Reached skill level 1 in Short Blades
  3427 | D:5      | Reached XP level 7. HP: 47/47 MP: 9/9
  3898 | D:5      | Reached skill level 5 in Long Blades
  4126 | D:5      | Bought a glittering iron ring for 125 gold pieces
  4126 | D:5      | Identified the ring of Keideddu {Fire Will- rCorr Str+4
                  | Dex-2} (You bought it in a shop on level 5 of the Dungeon)
  4126 | D:5      | Bought a sedimented grey potion for 22 gold pieces
  4126 | D:5      | Bought a coppery potion for 22 gold pieces
  4126 | D:5      | Bought a scroll labelled IRGHOSI VUBLOO for 25 gold pieces
  4126 | D:5      | Bought a scroll labelled IPUDU NELYICASS for 25 gold pieces
  4449 | D:6      | Reached XP level 8. HP: 47/54 MP: 7/11
  4552 | D:6      | Found a broken altar of Ashenzari.
  5145 | D:7      | Found a sand-covered staircase.
  5151 | D:7      | Reached skill level 5 in Dodging
  5168 | D:7      | Noticed a hornet
  5217 | Ossuary  | Entered an ossuary
  5271 | Ossuary  | Reached skill level 1 in Throwing
  5408 | Ossuary  | Reached skill level 5 in Fighting
  5515 | Ossuary  | Reached XP level 9. HP: 50/61 MP: 13/13
  6224 | D:7      | Killed a hornet
  6407 | D:8      | Found a transporter.
  6408 | D:8      | Found a transporter.
  6417 | D:8      | Learned a level 3 spell: Mephitic Cloud
  6425 | D:8      | Noticed cforsyth's ghost (novice TeFE)
  6439 | D:8      | Reached skill level 1 in Shields
  6439 | D:8      | Noticed a queen bee
  6599 | D:7      | Killed from afar by an acid dragon

Illustrated notes

Levels and vault maps discovered:
D:1:      beargit_arrival_greenhouse, layout_rooms,
          hellmonk_ecumenical_altar_crossroads, serial_shops, shop_fountains
D:2:      layout_loops_ring, fountainhead
D:3:      layout_loops_corners, uniq_jessica
D:4:      layout_loops_corners, minmay_temple_entry_trees
D:5:      layout_gridville, nicolae_overflow_hallway_of_the_gods
D:6:      layout_rooms, ashenzari_altar_1
D:7:      layout_loops_cross, gup_ossuary_entry_pyramid
D:8:      layout_basic, gammafunk_ghost_hive, minmay_nine_imps

Skill      XL: |  1  2  3  4  5  6  7  8  9 |
---------------+----------------------------+-----
Stealth        | 7 |  7.2
Spellcasting   | 1 2 3 |  3.7
Necromancy     | 1 2 3 4 |  4.0
Long Blades    | 3 4 5 6 7 |  7.4
Dodging        | 3 4 5 |  5.8
Short Blades   | 1 2 |  2.1
Fighting       | 4 5 |  5.8
Throwing       | 1 2 |  2.6
Shields        | 1 |  1.0
Conjurations   | |  0.2
Air Magic      | |  0.1
Poison Magic   | |  0.1

Action                     |  1- 3 |  4- 6 |  7- 9 || total
---------------------------+-------+-------+-------++-------
  Melee: Falchion          |    37 |    16 |       ||    53
         Constrict         |    10 |    25 |    57 ||    92
         Tentacles         |     7 |    11 |    68 ||    86
         Dagger            |     8 |    36 |    86 ||   130
         Long sword        |       |    48 |   165 ||   213
         Punch             |       |     4 |     4 ||     8
  Throw: Dart              |       |       |    10 ||    10
         Boomerang         |       |       |    41 ||    41
   Cast: Vampiric Draining |       |     3 |    15 ||    18
 Invoke: Call Merchant     |       |       |     1 ||     1
    Use: Scroll            |     2 |       |     9 ||    11
         Potion            |     1 |     1 |       ||     2
   Stab: Sleeping          |     5 |    18 |    16 ||    39
         Distracted        |       |       |     3 ||     3
 Armour: Skin              |     7 |     5 |    12 ||    24
  Dodge: Dodged            |    31 |    54 |   167 ||   252

Table legend: (Time is in decaauts)
 A = Elapsed time spent in this place.
 B = Non-inter-level travel time spent in this place.
 C = Inter-level travel time spent in this place.
 D = Time resting spent in this place.
 E = Time spent auto-exploring this place.
 F = Levels seen in this place.
 G = Mean time per level.
                   A        B        C        D        E       F      G
               +--------+--------+--------+--------+--------+-----+--------+
         Total |   6577 |   6186 |    391 |    726 |   1550 |   9 |  730.8 |
       Dungeon |   5979 |   5588 |    391 |    522 |   1526 |   8 |  747.4 |
       Ossuary |    598 |    598 |      0 |    203 |     24 |   1 |  598.0 |
               +--------+--------+--------+--------+--------+-----+--------+

Top non-repeatable levels by time:
     D:5: 1229 daAuts
     D:3: 957 daAuts
     D:4: 943 daAuts
     D:7: 810 daAuts
     D:2: 765 daAuts
 Ossuary: 598 daAuts
     D:6: 535 daAuts
     D:1: 532 daAuts
     D:8: 204 daAuts
